 Dungeon Crawl Stone Soup version 0.28.0-53-g5a82cb258f (webtiles) character file.

Game seed: 17924636523650792748

239 GigaChad the Slasher (level 5, -1/45 HPs)
             Began as a Minotaur Gladiator on Aug 22, 2022.
             Was a Believer of Nemelex Xobeh.
             Slain by an ogre
             ... wielding a +0 giant club
              (10 damage)
             ... on level 4 of the Dungeon.
             The game lasted 00:05:52 (2967 turns).

GigaChad the Slasher (Minotaur Gladiator)           Turns: 2967, Time: 00:05:52

Health: -1/45      AC:  3    Str: 18    XL:     5   Next: 79%
Magic:  4/4        EV: 13    Int:  5    God:    Nemelex Xobeh [**....]
Gold:   127        SH:  0    Dex: 14    Spells: 4/4 levels left

rFire   + . .      SeeInvis .   a - +0 long sword
rCold   . . .      Faith    .   (no shield)
rNeg    . . .      Spirit   .   b - +0 leather armour
rPois   .          Reflect  .   c - +0 hat
rElec   .          Harm     .   (no cloak)
rCorr   .          Rampage  .   (no gloves)
Will    .....                   (no boots)
Stlth   +.........              (no amulet)
HPRegen 0.15/turn               m - ring of protection from fire
MPRegen 0.09/turn               (no ring)

@: no status effects
A: horns 2, retaliatory headbutt
a: Renounce Religion, Draw Escape, Draw Destruction, Draw Summoning


You were on level 4 of the Dungeon.
You worshipped Nemelex Xobeh.
Nemelex Xobeh was pleased with you.
You visited 1 branch of the dungeon, and saw 4 of its levels.

You collected 127 gold pieces.

Inventory:

Hand Weapons
 a - a +0 long sword (weapon)
 r - a +2 mace of venom
Missiles
 d - 3 throwing nets (quivered)
Armour
 b - a +0 leather armour (worn)
 c - a +0 hat (worn)
Magical Staves
 o - a staff of conjuration
Jewellery
 m - a ring of protection from fire (left hand)
Wands
 i - a wand of iceblast (7)
Scrolls
 j - a scroll of magic mapping
 k - a scroll of amnesia {unknown}
 q - 2 scrolls of identify {unknown}
 s - a scroll of fear
Potions
 e - a potion of invisibility {unknown}
 f - a potion of might {unknown}
 g - 2 potions of resistance {unknown}
 h - 3 potions of ambrosia {unknown}
 l - a potion of curing {unknown}
 n - a potion of haste {unknown}
 p - a potion of heal wounds {unknown}


   Skills:
 + Level 3.3 Fighting
 + Level 5.7 Long Blades
 + Level 2.2 Throwing
 + Level 2.4 Armour
 + Level 4.5 Dodging
 + Level 0.6 Stealth


You had 4 spell levels left.
You didn't know any spells.
Your spell library was empty.

Dungeon Overview and Level Annotations

Branches:
Dungeon (4/15)
 Temple: D:4-7

Altars:
Dithmenos
Nemelex Xobeh

Shops:
D:1 ?   D:2 *


Innate Abilities, Weirdness & Mutations

You have a pair of horns on your head.
You reflexively headbutt those who attack you in melee.


Message History

The adder is almost dead.
You feel sick. The adder misses you.
You hit the adder.
You kill the adder!
You feel sick.
No target in view!
You feel sick.
You feel sick.
You are no longer poisoned.
You open the door.
There is an open door here.
Found a stone staircase leading down.
There is a stone staircase leading down here.
An ogre comes into view. It is wielding a +0 giant club.
The ogre shouts!
The ogre hits you with a +0 giant club!!
Ouch! That really hurt!
You are too injured to fight recklessly!
You are too injured to fight recklessly!
You are too injured to fight recklessly!
You are too injured to fight recklessly!
You are too injured to fight recklessly!
You are too injured to fight recklessly!
You are too injured to fight recklessly!
An ogre is nearby!
Unknown command.
The ogre hits you with a +0 giant club!
* * * LOW HITPOINT WARNING * * *
You barely miss the ogre.
You headbutt the ogre, but do no damage.
The ogre closely misses you.
You slash the ogre!
You headbutt the ogre, but do no damage.
The ogre is moderately wounded.
The ogre closely misses you.
You barely miss the ogre. You headbutt the ogre!
The ogre is heavily wounded.
The ogre hits you with a +0 giant club!
You die...
Your body disappears without a glow.

#.#.#.##.#
#.#......#
#.#<#.##>#
#.#.#....#
######.#.#.##.#
#.#.#..#.#####
#........#.##.# #.#
#...<.....
#.####.###.##.# #.#
#..#.#####
#.#......#.##.###.#
#..#.#
#.#.##.#.#.##.....#
#..#.#
#.#.##.#.#.##..####
#..#.#
#.#..#...#.##@.#
#..#.#
#.##.#####.##O.#
#..#.#
#..........##..#
#..#.#
####.########..#
#.# #..# #.# ...#
#.# ###.# #.. .#
### .#


You could see an ogre.

Vanquished Creatures
  A hound (D:3)
  Natasha (thrice) (D:2)
  6 adders
  2 dart slugs
  3 orcs
  10 endoplasms
  8 giant cockroaches
  3 goblins
  2 hobgoblins
  7 jackals (D:1)
  6 quokkas
  4 ball pythons
  6 bats
  2 kobolds (D:3)
  14 rats
77 creatures vanquished.

Notes
Turn   | Place    | Note
-------+----------+-------------------------------------------
     0 | D:1      | GigaChad the Minotaur Gladiator began the quest for the
                  | Orb.
     0 | D:1      | Reached XP level 1. HP: 18/18 MP: 0/0
     1 | D:1      | Found a runed translucent door.
    15 | D:1      | Reached skill level 4 in Long Blades
    15 | D:1      | Reached XP level 2. HP: 23/25 MP: 1/1
   252 | D:1      | Found Qaitt's Magic Scroll Boutique.
   267 | D:1      | Reached XP level 3. HP: 30/30 MP: 2/2
   526 | D:2      | Found a faded altar of an unknown god.
   532 | D:2      | Prayed at the altar of an unknown god.
   532 | D:2      | Became a worshipper of Nemelex Xobeh the Trickster
   532 | D:2      | Reached * piety under Nemelex Xobeh
   532 | D:2      | Received a gift from Nemelex Xobeh
   626 | D:2      | Noticed Natasha
   631 | D:2      | Killed Natasha
   632 | D:2      | Reached XP level 4. HP: 37/37 MP: 3/3
   769 | D:2      | Reached skill level 5 in Long Blades
   860 | D:2      | Found Yzxolun's General Store.
  1008 | D:2      | Noticed Natasha
  1011 | D:2      | Reached skill level 1 in Armour
  1015 | D:2      | Killed Natasha
  1084 | D:2      | Noticed Natasha
  1092 | D:2      | Killed Natasha
  1093 | D:2      | Reached XP level 5. HP: 23/45 MP: 4/4
  1488 | D:2      | Identified the +7 dagger of Doomed Valour {vorpal, Str+3}
  2550 | D:3      | Reached ** piety under Nemelex Xobeh
  2764 | D:4      | Found a shadowy altar of Dithmenos.
  2956 | D:4      | Noticed an ogre
  2967 | D:4      | Slain by an ogre

Illustrated notes

Levels and vault maps discovered:
D:1:      dpeg_arrival_caged_fury, layout_rooms, serial_curves, eino_curves_02,
          eino_curves_02, eino_curves_02, eino_curves_02, serial_shops, shop,
          nrook_campfire, minmay_vboxes
D:2:      layout_loops_ring, serial_shops, shop,
          dreamdust_ecumenical_altar_angels_and_demons, minmay_misc_feat_five,
          uniq_natasha
D:3:      layout_rooms, minmay_checkerbox
D:4:      minmay_chambers_of_fours, layout_basic,
          nicolae_dithmenos_the_darkroom, kennysheep_generic_room_2

Skill      XL: |  1  2  3  4  5 |
---------------+----------------+-----
Long Blades    | 4 5 |  5.7
Dodging        | 4 |  4.5
Armour         | 1 2 |  2.4
Fighting       | 3 |  3.3
Throwing       | |  2.2
Stealth        | |  0.6

Action                   |  1- 3 |  4- 6 || total
-------------------------+-------+-------++-------
Melee: Long sword        |    45 |    82 ||   127
       Headbutt          |     9 |    10 ||    19
  Use: Scroll            |     2 |     2 ||     4
 Stab: Sleeping          |       |     1 ||     1
Armor: Leather armour    |    27 |    16 ||    43
Dodge: Dodged            |    71 |    81 ||   152
